 Dungeon Crawl Stone Soup version 0.17-a0-1941-gcc30b76 (console) character file.

39 Garrluk the Cudgeler (level 3, -1/36 HPs)
             Began as an Ogre Gladiator on Sept 30, 2015.
             Slain by Sigmund
             ... wielding a +0 scythe
              (7 damage)
             ... on level 2 of the Dungeon.
             The game lasted 00:02:42 (1062 turns).

Garrluk the Cudgeler (Ogre Gladiator)               Turns: 1062, Time: 00:02:42

Health: -1/36      AC:  3    Str: 20    XL:     3   Next: 45%
Magic:  3/3        EV: 10    Int:  8    God:
Gold:   26         SH:  0    Dex: 10    Spells: 0 memorised, 2 levels left

rFire  . . .     SeeInvis .     a - +0 flail
rCold  . . .     Clarity  .     b - +0 robe
rNeg   . . .     SustAt   .     (no shield)
rPois  .         Gourm    .     c - +0 hat
rElec  .         Spirit   .     (no cloak)
rCorr  .         Warding  .     (gloves unavailable)
rMut   .         Stasis   .     (boots unavailable)
MR     .....                    (no amulet)
Stlth  +.........               (no ring)
                                (no ring)

@: confused, not resistant to hostile enchantments, very unstealthy
A: unfitting armour, tough skin 1
a: no special abilities


You were on level 2 of the Dungeon.
You were hungry.

You visited 1 branch of the dungeon, and saw 2 of its levels.

You collected 26 gold pieces.

Notes
Turn   | Place    | Note
--------------------------------------------------------------
     0 | D:1      | Garrluk the Ogre Gladiator began the quest for the Orb.
     0 | D:1      | Reached XP level 1. HP: 22/22 MP: 1/1
   200 | D:1      | Reached XP level 2. HP: 19/29 MP: 2/2
   433 | D:1      | Reached XP level 3. HP: 32/36 MP: 3/3
   672 | D:1      | Reached skill level 5 in Maces & Flails
   981 | D:2      | Noticed Sigmund
  1062 | D:2      | Slain by Sigmund

Inventory:

Hand weapons
 a - a +0 flail (weapon)
Missiles
 d - a throwing net (quivered)
 g - 45 stones
Armour
 b - a +0 robe (worn)
 c - a +0 hat (worn)
Scrolls
 f - 2 scrolls of remove curse {unknown}
 h - a scroll of recharging {unknown}
 k - a scroll of fog {unknown}
 n - a scroll of enchant weapon {unknown}
Potions
 i - a potion of ambrosia {unknown}
 j - a potion of might {unknown}
 l - a potion of mutation {unknown}
Comestibles
 e - 2 bread rations

Table legend:
 A = Turns spent in this place as a percentage of turns spent in the entire game.
 B = Non-inter-level travel turns spent in this place as a percentage of non-inter-level travel turns spent in the entire game.
 C = Inter-level travel turns spent in this place as a percentage of turns spent in this place.
 D = Turns resting spent in this place as a percentage of non-inter-level travel turns spent in this place.
 E = Turns spent auto-exploring this place as a percentage of non-inter-level travel turns spent in this place.
 F = Non-inter-level travel turns spent in this place divided by the number of levels of this place that you've seen.
                   A       B       C       D       E      F
               +-------+-------+-------+-------+-------+----------------------
         Total | 100.0 | 100.0 |   0.7 |   0.7 |  11.0 | 150.5
       Dungeon | 100.0 | 100.0 |   0.7 |   0.7 |  11.0 | 150.5
               +-------+-------+-------+-------+-------+----------------------


   Skills:
 - Level 2.6 Fighting
 * Level 5.2 Maces & Flails
 + Level 3.0 Throwing
 - Level 2.6 Dodging


You had 2 spell levels left.
You didn't know any spells.

Dungeon Overview and Level Annotations

Branches:
Dungeon (2/15)

Altars:

Annotations:
D:2 Sigmund


Innate Abilities, Weirdness & Mutations

You are too large for most types of armour.
You have tough skin (AC +1).


Message History

You barely miss something.
You hear some strange, mumbled words.
A magic dart appears from out of thin air!
The magic dart hits you!
You closely miss something.
You are feeling hungry.
Something hits you!
You hit something. You barely miss something. Something hits you.
You barely miss something. Something hits you!
* * * LOW HITPOINT WARNING * * *
Fire/throw which item? (* to show all) (? for menu, Esc to quit)
Press: ? - help, Shift-Dir - straight line You throw a throwing net.
You hear some strange, mumbled words.
You are confused.
Something hits you.
* * * LOW HITPOINT WARNING * * *
You're too confused to move!
Something hits you!
You die...

# ##......# # ###...## #
##..####### # #.........
#.######### ## ########†## #.
.# ......#...## #.# .#
#####......## #.###.#
#####.......## ##....#
..##.........####..(#.#######
...+.).......'..@............
#.##.........####{..#.######
............## ##.##.#
#.####.....## ####.# ..#
##...## ##.# ..## ##'## #..#
...# #.# #.## ...#####.# #.#
.......#.###########.#
.#####...........)...# .#
#.....###########


There were no monsters in sight!

Table legend:
 A = Kills in this place as a percentage of kills in entire the game.
 B = Kills by you in this place as a percentage of kills by you in the entire game.
 C = Kills by friends in this place as a percentage of kills by friends in the entire game.
 D = Other kills in this place as a percentage of other kills in the entire game.
 E = Experience gained in this place as a percentage of experience gained in the entire game.
 F = Experience gained in this place divided by the number of levels of this place that you have seen.
                   A       B       C       D       E      F
               +-------+-------+-------+-------+-------+----------------------
         Total | 100.0 | 100.0 |  -nan |  -nan | 100.0 |  28.0
       Dungeon | 100.0 | 100.0 |  -nan |  -nan | 100.0 |  28.0
               +-------+-------+-------+-------+-------+----------------------

Vanquished Creatures
  Monster Symbol All 'J'
  2 oozes (D:1)
2 creatures vanquished. All 'K' 3 kobolds (D:1)
3 creatures vanquished. All 'S' An adder (D:2)
1 creature vanquished. All 'b' 4 bats (D:1)
4 creatures vanquished. All 'g' 2 goblins (D:1) 4 hobgoblins
6 creatures vanquished. All 'l' A giant newt (D:1)
1 creature vanquished. All 's' 2 giant cockroaches (D:1)
2 creatures vanquished.
19 creatures vanquished. Monster Nature Natural Monsters An adder (D:2) 2 oozes (D:1) 4 bats (D:1) 2 giant cockroaches (D:1) 2 goblins (D:1) 4 hobgoblins A giant newt (D:1) 3 kobolds (D:1)
19 creatures vanquished.
19 creatures vanquished. Ascending Order An adder (D:2) A giant newt (D:1) 2 oozes (D:1) 2 goblins (D:1) 2 giant cockroaches (D:1) 3 kobolds (D:1) 4 bats (D:1) 4 hobgoblins
19 creatures vanquished.

Action                   || total
-------------------------++-------
Melee: Flail             ||    71
Throw: Stone             ||    10
       Throwing net      ||     5
